 Dungeon Crawl Stone Soup version 0.20-a0-522-g0b37eee (webtiles) character file.

123 Karnivor the Chucker (level 4, -3/42 HPs)
             Began as a Troll Hunter on Jan 25, 2017.
             Slain by a gnoll
             ... wielding a +1 flail of crushing
              (4 damage)
             ... on level 3 of the Dungeon.
             The game lasted 00:10:25 (1563 turns).

Karnivor the Chucker (Troll Hunter)                 Turns: 1563, Time: 00:10:26

Health: -3/42      AC:  5    Str: 21    XL:     4   Next: 80%
Magic:  3/3        EV: 10    Int:  7    God:
Gold:   103        SH:  0    Dex: 10    Spells: 3/3 levels left

rFire    . . .     SeeInvis .     - Unarmed
rCold    . . .     Gourm    +   b - +0 robe
rNeg     . . .     Faith    .   (no shield)
rPois    .         Spirit   .   (helmet restricted)
rElec    .         Reflect  .   (no cloak)
rCorr    .         Harm     .   (gloves unavailable)
MR       +....                  (boots unavailable)
Stlth    +.........             (no amulet)
Regen    0.6/turn               (no ring)
                                a - ring of protection from magic

@: no status effects
A: unfitting armour, claws 3, fast metabolism 3, gourmand, regeneration 1,
shaggy fur 1, tough skin 2
a: no special abilities


You were on level 3 of the Dungeon.
You were completely stuffed.

You visited 1 branch of the dungeon, and saw 3 of its levels.

You collected 103 gold pieces.

Inventory:

Missiles
 c - 5 large rocks (quivered)
Armour
 b - a +0 robe (worn)
Jewellery
 a - a ring of protection from magic (left claw)
Scrolls
 h - a scroll of remove curse
 o - a scroll of identify
Potions
 d - a potion of mutation {unknown}
 e - a potion of degeneration {unknown}
 g - 2 potions of ambrosia
 k - a potion of flight {unknown}
 l - a potion of curing {unknown}
 m - 3 potions of heal wounds {unknown}
Comestibles
 f - 2 bread rations
 i - 2 fruits
 j - a royal jelly
 n - 4 chunks of flesh
 p - a meat ration


   Skills:
 + Level 2.2 Fighting
 + Level 4.0 Throwing
 + Level 1.1 Armour
 + Level 2.6 Dodging
 - Level 0.3 Stealth
 + Level 1.8 Unarmed Combat


You had 3 spell levels left.
You didn't know any spells.

Dungeon Overview and Level Annotations

Branches:
Dungeon (3/15)

Altars:
Yredelemnul


Innate Abilities, Weirdness & Mutations

You are too large for most types of armour.
You have claws for hands.
Your metabolism is lightning-fast.
You like to eat raw meat.
Your natural rate of healing is unusually fast.
You are covered in fur. (AC +1)
You have very tough skin. (AC +2)


Message History

The gnoll hits you with a flail of crushing.
The gnoll hits you with a flail of crushing!
* * * LOW HITPOINT WARNING * * *
x2 The gnoll hits you but does no damage.
You closely miss the gnoll.
The gnoll is moderately wounded.
You scratch the gnoll.
The gnoll is heavily wounded.
The gnoll hits you but does no damage.
You claw the gnoll!
You kill the gnoll!
The gnoll hits you but does no damage.
Things that are here:
a club; a gnoll corpse
There is an open door here.
You scratch the gnoll.
The gnoll is lightly wounded.
The gnoll hits you with a flail of crushing!
* * * LOW HITPOINT WARNING * * *
You die...

#.......#.#.# #..#.#####
#.......#.#.# #....#####
#.......#.#.# #....#....
#.......#.#.# #....#...<
#####^......#...####..#.#....
#...........#.........#.#....
#.###########...........#....
#.# #######.........###....
#.# #g.gSg@................
#.# #.#####.........####...
#.# #...gSg.........# #...
#.# #..###..........# #...
#.# #..# #....###+#.# #...
#.# #..# #.......... #...
####.#####..# #..........
#... #...........#
#.......... #...
##.#.######.# #..........
####


You could see 3 gnolls and an adder.

Vanquished Creatures
  A gnoll (D:3)
  6 adders (D:2)
  An ooze (D:2)
  3 leopard geckos
  4 ball pythons
  4 bats
  2 giant cockroaches (D:2)
  6 goblins
  9 hobgoblins
  2 jackals (D:3)
  4 kobolds (D:1)
  4 frilled lizards
  8 rats
54 creatures vanquished.

Notes
Turn   | Place    | Note
-------+----------+-------------------------------------------
     0 | D:1      | Karnivor the Troll Hunter began the quest for the Orb.
     0 | D:1      | Reached XP level 1. HP: 19/19 MP: 0/0
    72 | D:1      | Reached XP level 2. HP: 25/27 MP: 1/1
   266 | D:1      | Reached skill level 1 in Unarmed Combat
   531 | D:1      | Reached XP level 3. HP: 34/35 MP: 2/2
   930 | D:2      | Reached XP level 4. HP: 42/42 MP: 3/3
   985 | D:2      | Found a basalt altar of Yredelemnul.
  1058 | D:2      | Reached skill level 4 in Throwing
  1188 | D:2      | Reached skill level 1 in Armour
  1563 | D:3      | HP: 1/42 [gnoll/flail of crushing (11)]
  1563 | D:3      | Slain by a gnoll

Vault maps used:
D:1:      zaba_arrival_water
D:2:      yredelemnul_altar_generic, kennysheep_generic_room_2
D:3:      first_bread

Skill      XL: |  1  2  3  4 |
---------------+-------------+-----
Dodging        | 2 |  2.6
Unarmed Combat | 1 |  1.8
Fighting       | 2 |  2.2
Throwing       | 4 |  4.0
Armour         | 1 |  1.1
Stealth        | |  0.3

Action                   |  1- 3 |  4- 6 || total
-------------------------+-------+-------++-------
Melee: Unarmed           |   125 |    62 ||   187
  Use: Scroll            |     4 |     2 ||     6
 Stab: Sleeping          |       |     2 ||     2
  Eat: Chunk             |    14 |     6 ||    20
Armor: Robe              |    55 |    24 ||    79
Dodge: Dodged            |    79 |    31 ||   110
